 Dungeon Crawl Stone Soup version 0.29.1-15-g9cfb28693d (console) character file.

Game seed: 93445193048637773

4 Goreval the Sneak (level 1, 15/15 HPs)
             Began as a Naga Enchanter on Feb 23, 2023.
             Was a Plaything of Xom.
             Got out of the dungeon alive.
             The game lasted 00:00:38 (268 turns).

Goreval the Sneak (Naga Enchanter)                   Turns: 268, Time: 00:00:38

Health: 15/15      AC:  1    Str: 10    XL:     1   Next: 60%
Magic:  3/3        EV:  9    Int: 15    God:    Xom [..*...]
Gold:   56         SH:  0    Dex: 11    Spells: 4/4 levels left

rFire   . . .      SeeInvis +   a - +1 dagger
rCold   . . .      Faith    .   (no shield)
rNeg    . . .      Spirit   .   b - +0 robe
rPois   +          Reflect  .   (no helmet)
rElec   .          Harm     .   (no cloak)
rCorr   .          Rampage  .   (no gloves)
Will    .....                   (no barding)
Stlth   ++........              (no amulet)
HPRegen 0.05/turn               (no ring)
MPRegen 0.08/turn               (no ring)

@: very slow
A: AC +0, large, see invisible, deformed body, poison resistance, slowness 2,
spit poison 1, naga tail 1
a: Spit Poison, Renounce Religion


You escaped.
You worshipped Xom.
You were a toy of Xom.
You visited 1 branch of the dungeon, and saw 1 of its levels.

You collected 56 gold pieces.

Inventory:

Hand Weapons
 a - a +1 dagger (weapon)
Armour
 b - a +0 robe (worn)
 e - an orb of wrath
Scrolls
 d - a scroll of identify {unknown}
 h - a scroll of torment {unknown}
Potions
 c - 2 potions of invisibility
 f - a potion of lignification {unknown}
 g - a potion of mutation {unknown}


   Skills:
 * Level 1.2 Short Blades
 - Level 1.5 Dodging
 + Level 4.5 Stealth
 + Level 2.0 Spellcasting
 * Level 3.0 Hexes


You had 4 spell levels left.
You didn't know any spells.
Your spell library contained the following spells:

 Spells                   Type           Power      Damage    Failure   Level
 Ensorcelled Hibernation  Hex/Ice        12%        N/A       19%         2
 Confusing Touch          Hex            10%        N/A       19%         3
 Tukima's Dance           Hex            10%        N/A       19%         3
 Dazzling Flash           Conj/Hex       12%        N/A       34%         3


Dungeon Overview and Level Annotations

Branches:
Dungeon (1/15) Zot: 5658

Altars:
Xom


Innate Abilities, Weirdness & Mutations

Your serpentine skin is tough. (AC +0)
You have supernaturally acute eyesight. (SInv)
Armour fits poorly on your strangely shaped body.
Your system is resistant to poisons. (rPois)
You cover ground very slowly.
You can spit poison.
You have a snake-like lower body.


Message History

You have got your breath back.
e - an orb of wrath You now have 32 gold pieces (gained 9).
You now have 38 gold pieces (gained 6).
f - a murky golden potion A goblin comes into view.
It is wielding a +0 club.
The goblin shouts!
A goblin is nearby!
Aim: a goblin, wielding a +0 club (43% to hit)
The splash of poison hits the goblin.
You kill the goblin!
You have got your breath back.
Found 4 poisoned darts.
g - a bubbling dark potion You see here 4 poisoned darts.
Found a spear.
You now have 42 gold pieces (gained 4).
h - a scroll labelled OPINAG ZUMI
Found a faded altar of an unknown god.
You open the door.
There is an open door here.
You now have 50 gold pieces (gained 8).
There is a stone staircase leading down here.
There is a stone staircase leading down here.
You open the door.
There is an open door here.
You now have 56 gold pieces (gained 6).
Found a robe.
There is a faded altar of an unknown god here.
You cannot tell which god this altar belongs to.
Convert to them anyway?
Okay, then.
You cannot tell which god this altar belongs to.
Convert to them anyway?
Xom accepts your prayer! Xom welcomes you!
Xom is very intrigued!
You open the door.
There is an open door here.
There is a staircase leading out of the dungeon here.
Are you sure you want to leave the Dungeon?
This will make you lose the game!
You have escaped!

############ ##..........##
##............## . #........).....# ...
#..............# #.. ###
#..............###### #.#
....####.................... #######.###
#....._.............###### [.........#
####...............##...####.
..........########........................
.........................#########...#####
..........##.#########.###### #...#
..........##.#.......#......# #...#
..........##.'.>.>.>.'.####.# #...#
######..#.##.#.......### #...#
#.....#.######### #..######..#
##......#.......### #.........#
#.#....'...@...'.# #######...##
#.#....#...(...#.### #....#
#.#....#########...# ##...#
#..............#..# #.#.#
#.......##.....##.#########.#.##...
..........#...........#.....(.....#
#.##....#....##.#.#.........#.#.#.## #.
..#..>...............##......#...
####.#...##.#.................. ?
#......).#.###.###...........
....####.†......###..##...........
#................###.##..........
.......#..........##.###.....##..
.....#.#.....................##..
.....#...........##..##.......#.#
.............)................#.#
.....###.......###.##.........#.# . ..
#...............#.....##.####... .
####............................
###..........................
#####..###.....#....#.######...
..........##...........# ..
......###..............###### ......
###.............)...# ......
#............####... ###### ##..........##


There were no monsters in sight!

Vanquished Creatures
  An endoplasm (D:1)
  A goblin (D:1)
  2 frilled lizards (D:1)
4 creatures vanquished.

Notes
Turn   | Place    | Note
-------+----------+-------------------------------------------
     0 | D:1      | Goreval the Naga Enchanter began the quest for the Orb.
     0 | D:1      | Reached XP level 1. HP: 15/15 MP: 3/3
   204 | D:1      | Found a faded altar of an unknown god.
   247 | D:1      | Prayed at the altar of an unknown god.
   247 | D:1      | Became a worshipper of Xom the Random Number God
   268 | D:$      | Got out of the dungeon alive.

Illustrated notes

Levels and vault maps discovered:
D:1:      minmay_arrival_up_and_down, layout_rooms, basic_ecumenical_altar

Action                   || total
-------------------------++-------
Melee: Dagger            ||     6
 Abil: Spit Poison       ||     4
Dodge: Dodged            ||     2
